 Dungeon Crawl Stone Soup version 0.21-a0-351-g38363bb (webtiles) character file.

3396 qqqbard the Fighter (level 10, -5/80 HPs)
             Began as a Gnoll Fighter on Oct 9, 2017.
             Was a Priest of the Shining One.
             Slain by a two-headed ogre
             ... wielding a +0 giant club
              (19 damage)
             ... on level 9 of the Dungeon.
             The game lasted 00:11:24 (6993 turns).

qqqbard the Fighter (Gnoll Fighter)                 Turns: 6993, Time: 00:11:25

Health: -5/80      AC:  9    Str: 22    XL:     10   Next: 4%
Magic:  17/17      EV: 12    Int: 11    God:    the Shining One [***...]
Gold:   483        SH:  8    Dex: 14    Spells: 18/18 levels left

rFire    . . .     SeeInvis .   I - +2 mace "Xomoen" {venom, rC+} (curse)
rCold    + . .     Gourm    .   u - +2 buckler
rNeg     + . .     Faith    .   b - +0 scale mail
rPois    .         Spirit   .   (no helmet)
rElec    .         Reflect  .   (no cloak)
rCorr    .         Harm     .   (no gloves)
MR       .....                  s - +0 pair of boots
Stlth    +.........             (no amulet)
HPRegen  0.23/turn              (no ring)
MPRegen  0.15/turn              (no ring)

@: glowing
A: distributed training, fangs 1, strong nose
a: Divine Shield, Renounce Religion


You were on level 9 of the Dungeon.
You worshipped the Shining One.
The Shining One was most pleased with you.
You were very hungry.

You visited 2 branches of the dungeon, and saw 10 of its levels.

You collected 483 gold pieces.

Inventory:

Hand Weapons
 a - a +0 flail
 z - a +1 mace of holy wrath
 I - the cursed +2 mace "Xomoen" (weapon) {venom, rC+}
   (You found it on level 7 of the Dungeon)

   It poisons the flesh of those it strikes.
   It protects you from cold.
   It has a curse placed upon it.
Armour
 b - a +0 scale mail (worn)
 c - a +0 shield
 i - a +0 chain mail
 s - a +0 pair of boots (worn)
 u - a +2 buckler (worn)
Jewellery
 D - an uncursed ring of flight {unknown}
 E - an uncursed ring of flight {unknown}
 L - a +3 ring of intelligence {unknown}
Wands
 N - a wand of flame (39/48)
Scrolls
 e - 8 scrolls of identify {unknown}
 h - 3 scrolls of blinking {unknown}
 k - 3 scrolls of magic mapping {unknown}
 l - 3 scrolls of teleportation {unknown}
 n - 2 scrolls of fog {unknown}
 o - 2 scrolls of enchant armour {unknown}
 q - 5 scrolls of remove curse
 w - 2 scrolls of fear {unknown}
 y - 2 scrolls of random uselessness {unknown}
 A - a scroll of recharging {unknown}
 F - 2 scrolls of immolation {unknown}
 J - a scroll of enchant weapon {unknown}
 K - a scroll of silence {unknown}
Potions
 d - 2 potions of might
 g - a potion of cancellation {unknown}
 j - 3 potions of haste {unknown}
 m - 2 potions of resistance {unknown}
 p - 2 potions of flight {unknown}
 r - 2 potions of heal wounds {unknown}
 t - 3 potions of agility {unknown}
 B - 5 potions of curing {unknown}
 C - a potion of ambrosia {unknown}
Books
 x - a book of Misfortune

   Spells                             Type                      Level
   a - Confusing Touch                Hexes                        1
   b - Confuse                        Hexes                        3
   c - Gell's Gravitas                Translocation                3
   d - Petrify                        Transmutation/Earth          4
   e - Metabolic Englaciation         Hexes/Ice                    5
   f - Yara's Violent Unravelling     Hexes/Transmutation          5
 M - a book of Changes

   Spells                             Type                      Level
   a - Beastly Appendage              Transmutation                1
   b - Sticks to Snakes               Transmutation                2
   c - Spider Form                    Transmutation/Poison         3
   d - Ice Form                       Ice/Transmutation            4
   e - Blade Hands                    Transmutation                5
Comestibles
 f - 4 bread rations
 v - 4 meat rations
 G - a royal jelly
 H - a fruit


   Skills:
 + Level 8.2 Fighting
 + Level 4.7 Short Blades
 + Level 4.7 Long Blades
 + Level 4.7 Axes
 + Level 6.7 Maces & Flails
 + Level 4.7 Polearms
 + Level 4.7 Staves
 + Level 4.7 Slings
 + Level 4.7 Bows
 + Level 4.7 Crossbows
 + Level 4.7 Throwing
 + Level 8.2 Armour
 + Level 4.7 Dodging
 + Level 4.7 Stealth
 + Level 8.2 Shields
 + Level 4.7 Unarmed Combat
 + Level 4.7 Spellcasting
 + Level 4.7 Conjurations
 + Level 4.7 Hexes
 + Level 4.7 Charms
 + Level 4.7 Summonings
 + Level 4.7 Necromancy
 + Level 4.7 Translocations
 + Level 4.7 Transmutations
 + Level 4.7 Fire Magic
 + Level 4.7 Ice Magic
 + Level 4.7 Air Magic
 + Level 4.7 Earth Magic
 + Level 4.7 Poison Magic
 + Level 4.7 Invocations
 + Level 4.7 Evocations


You had 18 spell levels left.
You didn't know any spells.

Dungeon Overview and Level Annotations

Branches:
Dungeon (9/15)             Temple (1/1) D:4
   Lair: D:8-11         Orc: D:9-12

Altars:
Ashenzari
Cheibriados
Dithmenos
Elyvilon
Fedhas
Gozag
Hepliaklqana
Kikubaaqudgha
Makhleb
Nemelex Xobeh
Okawaru
Qazlal
Ru
Sif Muna
Trog
Uskayaw
Vehumet
Wu Jian
Xom
Yredelemnul
Zin
The Shining One

Annotations:
D:7 4 runed doors


Innate Abilities, Weirdness & Mutations

Your experience applies equally to all skills.
You have very sharp teeth.
Your uncanny sense of smell can sniff out nearby items.


Message History

You are too injured to fight recklessly!
You are too injured to fight recklessly!
You are too injured to fight recklessly!
You are too injured to fight recklessly!
You are too injured to fight recklessly!
You are too injured to fight recklessly!
You hit the two-headed ogre but do no damage.
The two-headed ogre is lightly wounded.
The two-headed ogre hits you with a giant club!!
* * * LOW HITPOINT WARNING * * *
You block the two-headed ogre's attack.
You hit the two-headed ogre.
The two-headed ogre looks as sick as possible!
The two-headed ogre is lightly wounded.
You block the two-headed ogre's attack. x2
You hit the two-headed ogre.
The two-headed ogre looks as sick as possible!
The two-headed ogre is lightly wounded.
The two-headed ogre hits you with a giant club!!
You die...

.# ####...# #..# .#
##### #..#
.########## ####
..........#
########### #∆ #..∆
#...# #######...#
############....@O.#
................####
...<..........###
.....####...###
###..##...###
#.....### #..####
#..# #..#


You could see a two-headed ogre.

Vanquished Creatures
  The ghost of Taihus the Skirmisher, a novice NaFi (D:6)
  A hippogriff (D:9)
  An orc warrior (D:6)
  An ice beast (D:5)
  3 sky beasts
  2 ogres (D:8)
  4 centaurs
  A big kobold (D:7)
  2 bullfrogs (D:8)
  A water moccasin zombie (D:7)
  5 scorpions
  A water moccasin skeleton (D:7)
  5 killer bees (D:7)
  4 wights (D:6)
  3 howler monkeys (D:7)
  4 crimson imps
  2 bullfrog skeletons
  2 hounds
  An orc priest (D:5)
  A jelly (D:7)
  A centaur skeleton (D:6)
  2 orc wizards
  10 worker ants
  2 hound skeletons
  A worker ant zombie (D:5)
  11 adders
  2 shadow imps
  An ooze (D:1)
  An adder skeleton (D:5)
  7 worms
  5 dart slugs
  4 leopard geckos
  6 orcs
  2 ball pythons
  6 giant cockroaches
  9 goblins
  8 hobgoblins
  7 jackals
  11 kobolds
  A quokka (D:3)
  8 bats
  8 frilled lizards
  8 rats
166 creatures vanquished.

Notes
Turn   | Place    | Note
-------+----------+-------------------------------------------
     0 | D:1      | qqqbard the Gnoll Fighter began the quest for the Orb.
     0 | D:1      | Reached XP level 1. HP: 23/23 MP: 1/1
    15 | D:1      | Reached XP level 2. HP: 29/29 MP: 2/2
   124 | D:1      | Reached XP level 3. HP: 35/35 MP: 3/3
   718 | D:2      | Reached skill level 1 in Short Blades
   718 | D:2      | Reached skill level 1 in Long Blades
   718 | D:2      | Reached skill level 1 in Axes
   718 | D:2      | Reached skill level 1 in Polearms
   718 | D:2      | Reached skill level 1 in Staves
   718 | D:2      | Reached skill level 1 in Slings
   718 | D:2      | Reached skill level 1 in Bows
   718 | D:2      | Reached skill level 1 in Crossbows
   718 | D:2      | Reached skill level 1 in Throwing
   718 | D:2      | Reached skill level 1 in Dodging
   718 | D:2      | Reached skill level 1 in Stealth
   718 | D:2      | Reached skill level 1 in Unarmed Combat
   718 | D:2      | Reached skill level 1 in Spellcasting
   718 | D:2      | Reached skill level 1 in Conjurations
   718 | D:2      | Reached skill level 1 in Hexes
   718 | D:2      | Reached skill level 1 in Charms
   718 | D:2      | Reached skill level 1 in Summonings
   718 | D:2      | Reached skill level 1 in Necromancy
   718 | D:2      | Reached skill level 1 in Translocations
   718 | D:2      | Reached skill level 1 in Transmutations
   718 | D:2      | Reached skill level 1 in Fire Magic
   718 | D:2      | Reached skill level 1 in Ice Magic
   718 | D:2      | Reached skill level 1 in Air Magic
   718 | D:2      | Reached skill level 1 in Earth Magic
   718 | D:2      | Reached skill level 1 in Poison Magic
   718 | D:2      | Reached skill level 1 in Invocations
   718 | D:2      | Reached skill level 1 in Evocations
   718 | D:2      | Reached XP level 4. HP: 25/41 MP: 5/5
  1018 | D:2      | Found a sparkling altar of Nemelex Xobeh.
  1635 | D:3      | Found a snail-covered altar of Cheibriados.
  1804 | D:3      | Reached XP level 5. HP: 47/47 MP: 6/6
  2504 | D:4      | Found a staircase to the Ecumenical Temple.
  2590 | Temple   | Entered the Ecumenical Temple
  2698 | Temple   | Became a worshipper of the Shining One
  2978 | D:4      | Reached XP level 6. HP: 52/53 MP: 8/8
  3040 | D:4      | Found an opulent altar of Gozag.
  3130 | D:5      | Entered Level 5 of the Dungeon
  3193 | D:5      | Reached skill level 5 in Maces & Flails
  3369 | D:5      | Reached XP level 7. HP: 58/59 MP: 10/10
  3459 | D:5      | Found a shimmering altar of Xom.
  3729 | D:5      | Reached * piety under the Shining One
  3931 | D:5      | Reached XP level 8. HP: 67/67 MP: 10/12
  3944 | D:5      | Found an ancient bone altar of Kikubaaqudgha.
  3944 | D:5      | Found a white marble altar of Elyvilon.
  4531 | D:6      | Noticed Taihus's ghost (novice NaFi)
  4544 | D:6      | Killed Taihus's ghost
  4620 | D:6      | Reached ** piety under the Shining One
  4800 | D:7      | Reached XP level 9. HP: 53/72 MP: 14/14
  5201 | D:7      | Noticed a polar bear
  5201 | D:7      | Found a huge runed gate.
  5201 | D:7      | Found a huge runed gate.
  5201 | D:7      | Found a huge runed gate.
  5201 | D:7      | Noticed a polar bear
  5201 | D:7      | Noticed a manticore
  5201 | D:7      | Noticed a death yak
  5201 | D:7      | Noticed a polar bear
  5202 | D:7      | Noticed a polar bear
  5202 | D:7      | Noticed a death yak
  5237 | D:7      | Noticed a polar bear
  5238 | D:7      | Noticed a polar bear
  5240 | D:7      | Noticed a manticore
  5473 | D:7      | Found a huge runed gate.
  5633 | D:7      | Got a twisted mace
  5634 | D:7      | Identified the cursed +2 mace "Xomoen" {venom, rC+} (You found it on level 7 of the Dungeon)
  6416 | D:8      | Reached *** piety under the Shining One
  6902 | D:9      | Reached XP level 10. HP: 70/80 MP: 17/17
  6985 | D:9      | Noticed a two-headed ogre
  6993 | D:9      | Slain by a two-headed ogre

Vault maps used:
D:1:      dpeg_arrival_ternary, minmay_stone_trees_small
D:2:      hangedman_decor_push, nemelex_spade_bored_becter
D:3:      cheibriados_altar_1, first_bread, minmay_cupped
D:4:      minmay_temple_entry_statues,
          nicolae_gozag_cash_rules_everything_around_me
D:5:      gammafunk_temple_overflow_elements, xom_butterflies
D:7:      lemuel_bear_cage
D:9:      minmay_the_grid_triangle_9x9_rhombus_full, orc_0_dummy, serial_glass,
          glass_columns_a, glass_columns_a, glass_columns_a, glass_columns_a,
          glass_columns_a, glass_columns_a, glass_columns_a, glass_columns_c,
          glass_columns_a, glass_columns_a, uniq_maurice
Temple:   dpeg_five_rooms_temple

Skill      XL: |  1  2  3  4  5  6  7  8  9 |
---------------+----------------------------+-----
Short Blades   | 1 2 3 4 |  4.7
Long Blades    | 1 2 3 4 |  4.7
Axes           | 1 2 3 4 |  4.7
Polearms       | 1 2 3 4 |  4.7
Staves         | 1 2 3 4 |  4.7
Slings         | 1 2 3 4 |  4.7
Bows           | 1 2 3 4 |  4.7
Crossbows      | 1 2 3 4 |  4.7
Throwing       | 1 2 3 4 |  4.7
Dodging        | 1 2 3 4 |  4.7
Stealth        | 1 2 3 4 |  4.7
Unarmed Combat | 1 2 3 4 |  4.7
Spellcasting   | 1 2 3 4 |  4.7
Conjurations   | 1 2 3 4 |  4.7
Hexes          | 1 2 3 4 |  4.7
Charms         | 1 2 3 4 |  4.7
Summonings     | 1 2 3 4 |  4.7
Necromancy     | 1 2 3 4 |  4.7
Translocations | 1 2 3 4 |  4.7
Transmutations | 1 2 3 4 |  4.7
Fire Magic     | 1 2 3 4 |  4.7
Ice Magic      | 1 2 3 4 |  4.7
Air Magic      | 1 2 3 4 |  4.7
Earth Magic    | 1 2 3 4 |  4.7
Poison Magic   | 1 2 3 4 |  4.7
Invocations    | 1 2 3 4 |  4.7
Evocations     | 1 2 3 4 |  4.7
Maces & Flails | 5 6 |  6.7
Fighting       | 7 8 |  8.2
Armour         | 7 8 |  8.2
Shields        | 7 8 |  8.2

Action                   |  1- 3 |  4- 6 |  7- 9 | 10-12 || total
-------------------------+-------+-------+-------+-------++-------
Melee: Flail             |   110 |   155 |       |       ||   265
       Bite              |    13 |    22 |    45 |       ||    80
       Mace              |       |    51 |   316 |     5 ||   372
  Use: Scroll            |       |     1 |       |       ||     1
  Eat: Chunk             |       |     8 |    11 |       ||    19
Armor: Scale mail        |    42 |    71 |    95 |       ||   208
Dodge: Dodged            |    40 |    77 |   141 |       ||   258
Block: Shield            |    74 |    71 |       |       ||   145
       Buckler           |       |    30 |   125 |     4 ||   159

Table legend:
 A = Spawn XP
 B = Non-spawn XP
 C = Spawn XP percentage of total XP
 D = Spawn monster count
 E = Non-spawn monster count
 F = Spawn count percentage of total count
 G = Total turns spent on level
                    A         B        C        D         E        F      G
               +---------+---------+-------+---------+---------+-------+---------
         Total |       0 |    4852 |   0.0 |       0 |     166 |   0.0 |  6993
               +---------+---------+-------+---------+---------+-------+---------
           D:1 |       0 |      64 |   0.0 |       0 |      31 |   0.0 |   692
           D:2 |       0 |      55 |   0.0 |       0 |      20 |   0.0 |   834
           D:3 |       0 |     111 |   0.0 |       0 |      26 |   0.0 |   824
           D:4 |       0 |     197 |   0.0 |       0 |       9 |   0.0 |   582
           D:5 |       0 |     778 |   0.0 |       0 |      21 |   0.0 |   847
           D:6 |       0 |    1145 |   0.0 |       0 |      20 |   0.0 |   807
           D:7 |       0 |    1270 |   0.0 |       0 |      25 |   0.0 |  1439
           D:8 |       0 |     973 |   0.0 |       0 |      13 |   0.0 |   640
           D:9 |       0 |     259 |   0.0 |       0 |       1 |   0.0 |   130
               +---------+---------+-------+---------+---------+-------+---------
